| TOP OF THE 1ST |
|
Milwaukee Brewers batting - Pitching for Minnesota Twins : RHP Marcos Ortega
|
|
Pitching: RHP Marcos Ortega
|
|
|
Batting: RHB Steve Sax
|
0-0: Ball 1-0: Ball 2-0: Swinging Strike 2-1: Foul Ball, location: 2F 2-2: Ground out 5-3 (Groundball, 56S, EV 71.9 MPH)
|
|
Batting: LHB Von Hayes
|
0-0: Swinging Strike 0-1: Foul Ball, location: 2F 0-2: Ball 1-2: SINGLE (Line Drive, 8LS, EV 104.4 MPH)
|
|
Batting: RHB Eric Davis
|
0-0: Ball 1-0: Ball 2-0: Called Strike 2-1: Called Strike 2-2: Ball Von Hayes steals 2nd base (no throw) 3-2: 2-RUN HOME RUN (Flyball, 9D, EV 112.5 MPH), Distance : 380 ft
|
|
Batting: SHB Eddie Murray
|
0-0: Foul Ball, location: 2F 0-1: Ball 1-1: Swinging Strike 1-2: Foul Ball, location: 2F 1-2: SINGLE (Groundball, 4MD, EV 105.6 MPH)
|
|
Batting: LHB Al Oliver
|
0-0: Ball 1-0: Ball 2-0: Grounds out, U3 (Groundball, 3L, EV 91.3 MPH)
|
|
Batting: RHB Thurman Munson
|
0-0: Called Strike 0-1: Ball 1-1: Ball 2-1: SINGLE (Groundball, 56D, EV 101.3 MPH) Eddie Murray to third Runner from 3rd tries for Home, SAFE, throw by LF to home
|
|
Batting: RHB Ken Landreaux
|
0-0: Foul Ball, location: 2F 0-1: Foul Ball, location: 2F 0-2: Strikes out swinging
|
| Top of the 1st over - 3 runs, 4 hits, 0 errors, 1 left on base; Milwaukee 3 - Minnesota 0 |
| BOTTOM OF THE 1ST |
|
Minnesota Twins batting - Pitching for Milwaukee Brewers : RHP Luis Lopez
|
|
Pitching: RHP Luis Lopez
|
|
|
Batting: RHB Lee Lacy
|
0-0: Fly out, F1 (Line Drive, P, EV 65.0 MPH)
|
|
Batting: RHB Steve Brye
|
0-0: Called Strike 0-1: Ball 1-1: Foul Ball, location: 2F 1-2: Foul Ball, location: 2F 1-2: Ball 2-2: Ball 3-2: Ground out 4-3 (Groundball, 4, EV 85.0 MPH)
|
|
Batting: RHB Matt Cooper
|
0-0: Ground out U3 (Groundball, 3, EV 83.8 MPH)
|
| Bottom of the 1st over - 0 runs, 0 hits, 0 errors, 0 left on base; Milwaukee 3 - Minnesota 0 |
| TOP OF THE 2ND |
|
Milwaukee Brewers batting - Pitching for Minnesota Twins : RHP Marcos Ortega
|
|
Batting: SHB Alfredo Griffin
|
0-0: Foul Ball, location: 2F 0-1: Swinging Strike 0-2: Strikes out swinging
|
|
Batting: RHB Pat Tabler
|
0-0: Swinging Strike 0-1: Foul Ball, location: 2F 0-2: Foul Ball, location: 2F 0-2: Foul Ball, location: 2F 0-2: Ball 1-2: Strikes out swinging
|
|
Batting: RHB Steve Sax
|
0-0: Ball 1-0: Called Strike 1-1: Ball 2-1: Ball 3-1: Base on Balls
|
|
Batting: LHB Von Hayes
|
0-0: Called Strike 0-1: Ball 1-1: Ball 2-1: Called Strike 2-2: Foul Ball, location: 2F 2-2: Ball Steve Sax steals 2nd base 3-2: Fly out, F4 (Flyball, 34D, EV 95.0 MPH)
|
| Top of the 2nd over - 0 runs, 0 hits, 0 errors, 1 left on base; Milwaukee 3 - Minnesota 0 |
| BOTTOM OF THE 2ND |
|
Minnesota Twins batting - Pitching for Milwaukee Brewers : RHP Luis Lopez
|
|
Batting: RHB Randy Edwards
|
0-0: Ball 1-0: Ball 2-0: Foul Ball, location: 2F 2-1: Hit by Pitch
|
|
Batting: RHB Larry Hisle
|
0-0: Ball 1-0: Called Strike 1-1: Ball 2-1: SINGLE (Groundball, 25, EV 65.6 MPH) (infield hit) Randy Edwards to second
|
|
Batting: RHB George Foster
|
0-0: Grounds into double play, 5-4-3 (Groundball, 56, EV 76.3 MPH) Randy Edwards to third
|
|
Batting: RHB Chet Lemon
|
0-0: Ground out 4-3 (Groundball, 4, EV 88.1 MPH)
|
| Bottom of the 2nd over - 0 runs, 1 hit, 0 errors, 1 left on base; Milwaukee 3 - Minnesota 0 |
| TOP OF THE 3RD |
|
Milwaukee Brewers batting - Pitching for Minnesota Twins : RHP Marcos Ortega
|
|
Batting: RHB Eric Davis
|
0-0: Ball 1-0: Called Strike 1-1: Swinging Strike 1-2: Foul Ball, location: 2F 1-2: Ball 2-2: SOLO HOME RUN (Line Drive, 78XD, EV 100.6 MPH), Distance : 450 ft
|
|
Batting: SHB Eddie Murray
|
0-0: Ball 1-0: Ball 2-0: Called Strike 2-1: Swinging Strike 2-2: Ground out 5-3 (Groundball, 56, EV 88.8 MPH)
|
|
Batting: LHB Al Oliver
|
0-0: Ball 1-0: Called Strike 1-1: Ground out 4-3 (Groundball, 4D, EV 98.1 MPH)
|
|
Batting: RHB Thurman Munson
|
0-0: Called Strike 0-1: SINGLE (Groundball, 5D, EV 101.9 MPH)
|
|
Batting: RHB Ken Landreaux
|
0-0: Called Strike 0-1: Foul Ball, location: 2F 0-2: Ball 1-2: Ball 2-2: SINGLE (Flyball, 89S, EV 91.9 MPH) Thurman Munson to second Runner from 2nd tries for 3rd, SAFE, throw by RF made to third
|
|
Batting: SHB Alfredo Griffin
|
0-0: Fielders Choice at 2nd, 6-4 (Groundball, 6, EV 87.5 MPH)
|
| Top of the 3rd over - 1 run, 3 hits, 0 errors, 2 left on base; Milwaukee 4 - Minnesota 0 |
| BOTTOM OF THE 3RD |
|
Minnesota Twins batting - Pitching for Milwaukee Brewers : RHP Luis Lopez
|
|
Batting: RHB Aurelio Rodriguez
|
0-0: Ball 1-0: Called Strike 1-1: Foul Ball, location: 2F 1-2: Strikes out swinging
|
|
Batting: LHB Ken Oberkfell
|
0-0: Called Strike 0-1: Ball 1-1: Foul Ball, location: 2F 1-2: Ground out 4-3 (Groundball, 34, EV 83.8 MPH)
|
|
Batting: RHB Lee Lacy
|
0-0: Swinging Strike 0-1: Called Strike 0-2: Strikes out looking
|
| Bottom of the 3rd over - 0 runs, 0 hits, 0 errors, 0 left on base; Milwaukee 4 - Minnesota 0 |
| TOP OF THE 4TH |
|
Milwaukee Brewers batting - Pitching for Minnesota Twins : RHP Marcos Ortega
|
|
Batting: RHB Pat Tabler
|
0-0: Ball 1-0: Called Strike 1-1: Ground out 5-3 (Groundball, 56, EV 85.0 MPH)
|
|
Batting: RHB Steve Sax
|
0-0: Called Strike 0-1: Foul Ball, location: 2F 0-2: Ball 1-2: Strikes out swinging
|
|
Batting: LHB Von Hayes
|
0-0: Called Strike 0-1: Foul Ball, location: 2F 0-2: Ball 1-2: Fly out, F8 (Flyball, 8LXD, EV 90.6 MPH)
|
| Top of the 4th over - 0 runs, 0 hits, 0 errors, 0 left on base; Milwaukee 4 - Minnesota 0 |
| BOTTOM OF THE 4TH |
|
Minnesota Twins batting - Pitching for Milwaukee Brewers : RHP Luis Lopez
|
|
Batting: RHB Steve Brye
|
0-0: Foul Ball, location: 2F 0-1: Ball 1-1: Swinging Strike 1-2: Ball 2-2: Ball 3-2: Fly out, F3 (Popup, 3F, EV 60.0 MPH)
|
|
Batting: RHB Matt Cooper
|
0-0: Called Strike 0-1: Ball 1-1: DOUBLE (Line Drive, 89D, EV 103.1 MPH)
|
|
Batting: RHB Randy Edwards
|
0-0: Called Strike 0-1: Fly out, F9 (Flyball, 9, EV 96.9 MPH) Runner from 2nd tags up, SAFE at 3rd with throw by RF
|
|
Batting: RHB Larry Hisle
|
0-0: Called Strike 0-1: 2-RUN HOME RUN (Flyball, 7D, EV 101.3 MPH), Distance : 393 ft
|
|
Batting: RHB George Foster
|
0-0: Ball 1-0: Called Strike 1-1: Fly out, F7 (Flyball, 78M, EV 93.8 MPH)
|
| Bottom of the 4th over - 2 runs, 2 hits, 0 errors, 0 left on base; Milwaukee 4 - Minnesota 2 |
| TOP OF THE 5TH |
|
Milwaukee Brewers batting - Pitching for Minnesota Twins : RHP Marcos Ortega
|
|
Batting: RHB Eric Davis
|
0-0: Called Strike 0-1: Foul Ball, location: 2F 0-2: Foul Ball, location: 2F 0-2: Ball 1-2: Ball 2-2: Strikes out swinging
|
|
Batting: SHB Eddie Murray
|
0-0: Ball 1-0: Swinging Strike 1-1: Ball 2-1: Called Strike 2-2: Fly out, F8 (Flyball, 78M, EV 90.0 MPH)
|
|
Batting: LHB Al Oliver
|
0-0: Ball 1-0: Called Strike 1-1: Called Strike 1-2: Foul Ball, location: 2F 1-2: Ground out 4-3 (Groundball, 13, EV 91.3 MPH)
|
| Top of the 5th over - 0 runs, 0 hits, 0 errors, 0 left on base; Milwaukee 4 - Minnesota 2 |
| BOTTOM OF THE 5TH |
|
Minnesota Twins batting - Pitching for Milwaukee Brewers : RHP Luis Lopez
|
|
Batting: RHB Chet Lemon
|
0-0: SINGLE (Line Drive, 9LS, EV 101.3 MPH)
|
|
Batting: RHB Aurelio Rodriguez
|
0-0: Ball 1-0: Called Strike 1-1: Foul Ball, location: 2F 1-2: Strikes out swinging
|
|
Batting: LHB Ken Oberkfell
|
0-0: Grounds into double play, 6-4-3 (Groundball, 6, EV 102.5 MPH)
|
| Bottom of the 5th over - 0 runs, 1 hit, 0 errors, 0 left on base; Milwaukee 4 - Minnesota 2 |
| TOP OF THE 6TH |
|
Milwaukee Brewers batting - Pitching for Minnesota Twins : RHP Marcos Ortega
|
|
Pitching: RHP David Roberts
|
|
|
Batting: RHB Thurman Munson
|
0-0: Ball 1-0: Ball 2-0: Ball 3-0: Called Strike 3-1: Base on Balls
|
|
Batting: RHB Ken Landreaux
|
0-0: Ball 1-0: Called Strike 1-1: Fielders Choice at 2nd, 4-6 (Groundball, 4M, EV 77.5 MPH)
|
|
Batting: SHB Alfredo Griffin
|
0-0: Ball 1-0: SINGLE (Line Drive, 8LS, EV 87.5 MPH) Ken Landreaux to second Runner from 2nd tries for 3rd, SAFE, throw by CF made to third
|
|
Batting: RHB Pat Tabler
|
0-0: Ball Alfredo Griffin steals 2nd base 1-0: SINGLE (Line Drive, 78S, EV 90.0 MPH) Ken Landreaux scores Alfredo Griffin to third Runner from 3rd tries for Home, SAFE, throw by LF to home
|
|
Batting: RHB Steve Sax
|
0-0: Ball 1-0: SINGLE (Line Drive, 34, EV 110.0 MPH) Pat Tabler to second Runner from 2nd tries for 3rd, SAFE, no throw by RF
|
|
Batting: LHB Von Hayes
|
0-0: Fielders Choice at 2nd, 4-6 (Groundball, 34, EV 93.1 MPH) Pat Tabler scores
|
|
Batting: RHB Eric Davis
|
0-0: Called Strike Von Hayes steals 2nd base 0-1: Foul Ball, location: 2F 0-2: Strikes out swinging
|
| Top of the 6th over - 3 runs, 3 hits, 0 errors, 1 left on base; Milwaukee 7 - Minnesota 2 |
| BOTTOM OF THE 6TH |
|
Minnesota Twins batting - Pitching for Milwaukee Brewers : RHP Luis Lopez
|
|
Batting: RHB Lee Lacy
|
0-0: Called Strike 0-1: Ground out 5-3 (Groundball, 56S, EV 83.1 MPH)
|
|
Batting: RHB Steve Brye
|
0-0: Foul Ball, location: 2F 0-1: Fly out, F8 (Flyball, 78S, EV 83.8 MPH)
|
|
Batting: RHB Matt Cooper
|
0-0: Fly out, F8 (Flyball, 78D, EV 100.0 MPH)
|
| Bottom of the 6th over - 0 runs, 0 hits, 0 errors, 0 left on base; Milwaukee 7 - Minnesota 2 |
| TOP OF THE 7TH |
|
Milwaukee Brewers batting - Pitching for Minnesota Twins : RHP David Roberts
|
|
Batting: SHB Eddie Murray
|
0-0: Foul Ball, location: 2F 0-1: Swinging Strike 0-2: Ball 1-2: Strikes out swinging
|
|
Batting: LHB Al Oliver
|
0-0: Ball 1-0: SOLO HOME RUN (Flyball, 9D, EV 87.5 MPH), Distance : 371 ft
|
|
Pitching: RHP Mark Fidrych
|
|
|
Batting: RHB Thurman Munson
|
0-0: Foul Ball, location: 2F 0-1: Ball 1-1: Ball 2-1: Ball 3-1: Base on Balls
|
|
Batting: RHB Ken Landreaux
|
0-0: Foul Ball, location: 2F 0-1: Foul Ball, location: 2F 0-2: Fielders Choice at 2nd, 6-4 (Groundball, 56, EV 84.4 MPH)
|
|
Batting: SHB Alfredo Griffin
|
0-0: Ball 1-0: Ball 2-0: Fly out, F9 (Flyball, 9S, EV 88.8 MPH)
|
| Top of the 7th over - 1 run, 1 hit, 0 errors, 1 left on base; Milwaukee 8 - Minnesota 2 |
| BOTTOM OF THE 7TH |
|
Minnesota Twins batting - Pitching for Milwaukee Brewers : RHP Luis Lopez
|
|
Batting: RHB Randy Edwards
|
0-0: Ball 1-0: Ball 2-0: Fly out, F7 (Flyball, 7, EV 90.0 MPH)
|
|
Batting: RHB Larry Hisle
|
0-0: Foul Ball, location: 2F 0-1: Ball 1-1: Swinging Strike 1-2: Ball 2-2: Foul Ball, location: 2F 2-2: Ball 3-2: Strikes out swinging
|
|
Batting: RHB George Foster
|
0-0: Ball 1-0: Foul Ball, location: 2F 1-1: Swinging Strike 1-2: Strikes out swinging
|
| Bottom of the 7th over - 0 runs, 0 hits, 0 errors, 0 left on base; Milwaukee 8 - Minnesota 2 |
| TOP OF THE 8TH |
|
Milwaukee Brewers batting - Pitching for Minnesota Twins : RHP Mark Fidrych
|
|
Batting: RHB Pat Tabler
|
0-0: Called Strike 0-1: Ball 1-1: Ground out 6-3 (Groundball, 6M, EV 83.1 MPH)
|
|
Batting: RHB Steve Sax
|
0-0: Ball 1-0: Ball 2-0: Ground out 1-3 (Groundball, 15S, EV 73.1 MPH)
|
|
Batting: LHB Von Hayes
|
0-0: Foul Ball, location: 2F 0-1: Foul Ball, location: 2F 0-2: Foul Ball, location: 2F 0-2: Foul Ball, location: 2F 0-2: Ball 1-2: Ball 2-2: Fly out, F8 (Flyball, 78S, EV 90.6 MPH)
|
| Top of the 8th over - 0 runs, 0 hits, 0 errors, 0 left on base; Milwaukee 8 - Minnesota 2 |
| BOTTOM OF THE 8TH |
|
Minnesota Twins batting - Pitching for Milwaukee Brewers : RHP Luis Lopez
|
|
Batting: RHB Chet Lemon
|
0-0: Ball 1-0: Ball 2-0: Ball 3-0: Called Strike 3-1: Foul Ball, location: 2F 3-2: SINGLE (Line Drive, 5L, EV 95.6 MPH)
|
|
Batting: RHB Aurelio Rodriguez
|
0-0: Called Strike 0-1: Ground out 6-3 (Groundball, 6S, EV 74.4 MPH) Chet Lemon to second
|
|
Batting: LHB Ken Oberkfell
|
0-0: Ground out 5-3 (Groundball, 5, EV 78.8 MPH)
|
|
Batting: RHB Lee Lacy
|
0-0: Ball 1-0: Called Strike 1-1: Ball 2-1: Fly out, F9 (Line Drive, 9, EV 92.5 MPH)
|
| Bottom of the 8th over - 0 runs, 1 hit, 0 errors, 1 left on base; Milwaukee 8 - Minnesota 2 |
| TOP OF THE 9TH |
|
Milwaukee Brewers batting - Pitching for Minnesota Twins : RHP Mark Fidrych
|
|
Batting: RHB Eric Davis
|
0-0: Called Strike 0-1: Ball 1-1: Ball 2-1: Ball 3-1: Base on Balls
|
|
Batting: SHB Eddie Murray
|
0-0: Called Strike 0-1: Called Strike 0-2: Fielders Choice at 2nd, 5-4 (Groundball, 56, EV 103.1 MPH)
|
|
Batting: LHB Al Oliver
|
0-0: Ball 1-0: Foul Ball, location: 2F 1-1: Ball 2-1: Fly out, F8 (Line Drive, 8RM, EV 89.4 MPH)
|
|
Batting: RHB Thurman Munson
|
0-0: Ball 1-0: Foul Ball, location: 2F 1-1: Called Strike 1-2: Foul Ball, location: 2F 1-2: Strikes out swinging
|
| Top of the 9th over - 0 runs, 0 hits, 0 errors, 1 left on base; Milwaukee 8 - Minnesota 2 |
| BOTTOM OF THE 9TH |
|
Minnesota Twins batting - Pitching for Milwaukee Brewers : RHP Luis Lopez
|
|
Batting: RHB Steve Brye
|
0-0: Foul Ball, location: 2F 0-1: Called Strike 0-2: Ball 1-2: Foul Ball, location: 2F 1-2: Ball 2-2: Fly out, F9 (Flyball, 9LM, EV 108.8 MPH)
|
|
Batting: RHB Matt Cooper
|
0-0: Ball 1-0: Called Strike 1-1: Fly out, F8 (Flyball, 8RD, EV 97.5 MPH)
|
|
Batting: RHB Randy Edwards
|
0-0: Foul Ball, location: 2F 0-1: Fly out, F5 (Popup, 56S, EV 76.3 MPH)
|
| Bottom of the 9th over - 0 runs, 0 hits, 0 errors, 0 left on base; Milwaukee 8 - Minnesota 2 |
|